 Dungeon Crawl Stone Soup version 0.30.0 (webtiles) character file.

Game seed: 5667765549721693086

58232 mratface the Executioner (level 14, -14/132 HPs)
             Began as a Hill Orc Fighter on Nov 16, 2023.
             Was a High Priest of Beogh.
             Demolished by a titanic slime creature (43 damage)
             ... on level 2 of the Vaults on Nov 18, 2023.
             The game lasted 01:31:55 (24875 turns).

mratface the Executioner (Hill Orc Fighter)        Turns: 24875, Time: 01:31:55

Health: -14/132    AC: 31    Str: 38    XL:     14   Next: 89%
Magic:  14/14      EV: 17    Int: 15    God:    Beogh [*****.]
Gold:   2332       SH:  0    Dex: 16    Spells: 13/13 levels left

rFire   + . .        l - +7 executioner's axe of Seumag {venom, Str+3}
rCold   . . .        (shield currently unavailable)
rNeg    + + +        k - +4 plate armour
rPois   .            H - +0 helmet of Vehumet {Str+6}
rElec   .            o - +4 cloak of the Forest {+Blink rC+ rCorr}
rCorr   +            K - +2 pair of gloves of the Enchanted Forest {rC- Will++ Str+5}
SInv    .            P - +0 pair of boots
Will    +++..        (no amulet)
Stlth   x              - ring of Lady Luck {Contam rN+++ Int+7 Dex+6}
HPRegen 1.22/turn    v - +5 ring of evasion
MPRegen 0.14/turn

%: no passive effects
@: no status effects
A: walk on water, fire resistance 1, regeneration 1
a: Renounce Religion, Evoke Blink, Smiting, Recall Orcish Followers, Give Item
to Named Follower


You were on level 2 of the Vaults.
You worshipped Beogh.
Beogh was extremely pleased with you.
You visited 3 branches of the dungeon, and saw 18 of its levels.

You collected 3147 gold pieces.
You spent 815 gold pieces at shops.

Inventory:

Hand Weapons
 a - a +0 war axe
 l - the +7 executioner's axe of Seumag (weapon) {venom, Str+3}
   (You acquired it on level 6 of the Dungeon)

   Str:       It affects your strength (+3).
 n - the +11 spear of the Pure Princes {pain, Drain rPois Will+ rCorr}
   (You took it off a spriggan on level 9 of the Dungeon)

   rPois:     It protects you from poison.
   rCorr:     It protects you from acid and corrosion.
   Drain:     It drains your maximum health when unequipped.
   Will:      It increases your willpower.
 T - the +5 scimitar of Beogh's Envy {spect, Str+3}
   (You found it on level 12 of the Dungeon)

   Str:       It affects your strength (+3).
Missiles
 U - 2 throwing nets (quivered)
Armour
 h - the +3 buckler of the Grue {Will+ Int+2}
   (You found it on level 10 of the Dungeon)

   Int:       It affects your intelligence (+2).
   Will:      It increases your willpower.
 k - a +4 plate armour (worn)
 o - the +4 cloak of the Forest (worn) {+Blink rC+ rCorr}
   (You bought it in a shop on level 2 of the Orcish Mines)

   rC:        It protects you from cold.
   +Blink:    It lets you blink.
   rCorr:     It protects you from acid and corrosion.
 z - a +0 kite shield
 B - a +3 ring mail of cold resistance
 H - the +0 helmet of Vehumet (worn) {Str+6}
   (You acquired it on level 6 of the Dungeon)

   Str:       It affects your strength (+6).
 K - the +2 pair of gloves of the Enchanted Forest (worn) {rC- Will++ Str+5}
   (You found it on level 8 of the Dungeon)

   Str:       It affects your strength (+5).
   rC:        It makes you vulnerable to cold.
   Will:      It greatly increases your willpower.
 P - a +0 pair of boots (worn)
Jewellery
 g - a +4 ring of protection
 v - a +5 ring of evasion (right hand)
 x - the ring of Lady Luck (left hand) {Contam rN+++ Int+7 Dex+6}
   (You found it on level 2 of the Dungeon)

   [ring of dexterity]

   Int:       It affects your intelligence (+7).
   Dex:       It affects your dexterity (+6).
   rN:        It renders you almost immune to negative energy.
   Contam:    It causes magical contamination when unequipped.
 O - the ring "Qexuocia" {Fire *Corrode rElec rN+ Slay+2}
   (You found it on level 11 of the Dungeon)

   [ring of fire]

   It enhances your fire magic.
   Slay:      It affects your accuracy & damage with ranged weapons and melee
   (+2).
   rF:        It protects you from fire.
   rC:        It makes you vulnerable to cold.
   rElec:     It insulates you from electricity.
   rN:        It protects you from negative energy.
   *Corrode:  It may corrode you when you take damage.
 S - a ring of flight
Wands
 b - a wand of light (19)
 p - a wand of flame (53)
 s - a wand of digging (5)
 C - a wand of polymorph (35)
 G - a wand of charming (18)
 I - a wand of mindburst (15)
Scrolls
 c - a scroll of enchant weapon {unknown}
 e - 4 scrolls of amnesia
 f - 3 scrolls of fog
 q - 3 scrolls of blinking
 r - 5 scrolls of immolation
 u - 8 scrolls of teleportation
 w - 5 scrolls of poison
 y - a scroll of butterflies {unknown}
 F - a scroll of fear {unknown}
 M - a scroll of brand weapon {unknown}
 N - a scroll of magic mapping {unknown}
Potions
 d - 4 potions of haste
 i - 3 potions of cancellation
 j - 5 potions of lignification
 m - 7 potions of curing
 t - 2 potions of heal wounds
 A - a potion of magic {unknown}
 D - 5 potions of mutation
 E - 4 potions of brilliance
 J - 2 potions of resistance
 L - a potion of ambrosia {unknown}
 Q - a potion of invisibility {unknown}
 R - a potion of might
Miscellaneous
 V - a phantom mirror


   Skills:
 + Level 14.2 Fighting
 + Level 22.7 Axes
 + Level 12.1 Armour
 * Level 7.3 Dodging
 - Level 0.5 Stealth
 - Level 5.4 Shields
 + Level 1.1 Invocations
 + Level 1.1 Evocations


You had 13 spell levels left.
You didn't know any spells.
Your spell library contained the following spells:

 Spells                   Type           Power      Damage    Failure   Level
 Slow                     Hex            0%         N/A       75%         1
 Dazzling Flash           Conj/Hex       0%         N/A       98%         3
 Inner Flame              Hex/Fire       0%         N/A       98%         3
 Flame Wave               Conj/Fire      0%         2d4       100%        4
 Sticky Flame             Conj/Fire      0%         2d3       100%        4
 Agony                    Necr           0%         N/A       100%        5
 Silence                  Hex/Air        0%         N/A       100%        5


Dungeon Overview and Level Annotations

Branches:
Dungeon (14/15)            Temple (0/1) D:5            Lair (0/5) D:11
    Orc (2/2) D:9             Elf (0/3) Orc:2        Vaults (2/5) D:14
  Crypt: Vaults:2-3

Altars:
Ashenzari
Cheibriados
Dithmenos
Kikubaaqudgha
Sif Muna
Trog
Uskayaw
Vehumet
Xom
The Shining One
Beogh

Shops:
D:8 (((   Orc:2 [=!?(


Innate Abilities, Weirdness & Mutations

You can walk on water.
Your flesh is heat resistant. (rF+)
Your natural rate of healing is unusually fast.


Message History

You swap places.
There is an open door here.
As you open the door, it creaks loudly!
Found 22 gold pieces.
You swap places.
Found a robe.
There is an open door here.
You now have 2332 gold pieces (gained 22).
A slime creature comes into view.
The slime creature quivers.
You open the slime creature like a pillowcase!!!
The slime creature is severely wounded.
Your orc knight roars a battlecry!
Your orc sorcerers go into a battle-frenzy!
You slice the slime creature like a ripe choko!!!
You kill the slime creature!
Beogh accepts your kill. 5 slime creatures come into view.
The slime creature quivers. x4
Two slime creatures merge to form a large slime creature. x2
You slice the large slime creature!!
The large slime creature is moderately wounded.
The large slime creature misses you.
Two slime creatures merge to form a very large slime creature.
You barely miss the very large slime creature.
The very large slime creature is lightly wounded.
Two slime creatures merge to form a titanic slime creature.
You hit the titanic slime creature.
The titanic slime creature is lightly wounded.
You cut the titanic slime creature into ribbons!!!
The titanic slime creature is moderately wounded.
The titanic slime creature hits you!!!
Your orc sorcerer gestures wildly while chanting.
You slice the titanic slime creature like a ripe choko!!!!
The titanic slime creature is heavily wounded.
The titanic slime creature hits you!!!
* * * LOW HITPOINT WARNING * * *
You hit the titanic slime creature.
The titanic slime creature is heavily wounded.
The titanic slime creature hits you!!!
You die...

#....# #####o...# ###
#...'....# #..#
#...#....#
#...###.o#oo..#
#...###o#.o..########
#...##o#....#......#
#..J#o#....#...<..#
#@o#....#......#
#.44#....#......#
......#....#......#
##+#####....'......#
#....######## #....#
#....# #....# #....#


You could see a titanic slime creature (ally target), 2 friendly orc knights, a
friendly orange demon (summoned), a friendly rust devil (summoned), 2 friendly
orc sorcerers and a friendly orc warrior.

Vanquished Creatures
  3 vault wardens (Vaults:1)
  An ironbound preserver (Vaults:1)
  2 ironbound thunderhulks (Vaults:1)
  Josephine (D:12)
  A great orb of eyes (Vaults:1)
  A yaktaur captain (Vaults:1)
  A deep elf high priest (Vaults:1)
  Erolcha (Orc:2)
  3 centaur warriors (D:13)
  The ghost of JaredAshtonScott the Basher, a journeyman HuFi of Zin (D:9)
  11 vault guards
  2 ogre magi
  A boulder beetle (D:13)
  3 two-headed ogres
  2 ironbound frosthearts (Vaults:1)
  2 orc high priests
  Sonja (D:11)
  Nergalle (Orc:2)
  3 deep trolls (Vaults:1)
  3 ironbound convokers (Vaults:1)
  2 lindwurms (Vaults:1)
  A wizard (D:11)
  6 orc sorcerers (Orc:2)
  An ugly thing (D:12)
  4 cyclopes
  5 vault sentinels (Vaults:1)
  2 guardian serpents (D:11)
  Joseph (D:9)
  A gargoyle (D:14)
  2 yaktaurs
  4 trolls
  A hornet (D:9)
  2 polar bears (D:8)
  7 slime creatures
  2 spriggans (D:9)
  A shadow (D:10)
  7 yaks
  A vampire (D:12)
  Sigmund (D:5)
  Eustachio (D:4)
  2 wraiths (D:12)
  2 wyverns
  7 vampire mosquitoes
  A steam dragon (D:10)
  11 wargs
  Edmund (D:4)
  An acid dragon (D:9)
  Duvessa (D:5)
  2 hell hounds (D:10)
  2 water moccasins (D:7)
  2 black bears
  7 orc warriors
  A swamp drake (D:9)
  2 ice beasts
  A sky beast (D:7)
  2 wolves
  5 boggarts
  6 ogres
  A phantom (D:6)
  12 centaurs
  6 kobold brigands
  A bullfrog (D:8)
  5 gnoll sergeants (D:10)
  3 scorpions
  3 wights (D:10)
  Dowan (D:5)
  9 killer bees
  6 howler monkeys
  2 electric eels (D:8)
  A lava snake (D:12)
  3 jellies
  3 gnoll boudas
  6 orc priests
  A sleepcap (D:4)
  5 iguanas
  16 orc wizards
  A centaur simulacrum (D:8)
  16 gnolls
  7 adders
  5 white imps
  4 ufetubi
  2 worms
  4 dart slugs
  27 orcs
  9 endoplasms
  2 giant cockroaches (D:1)
  6 goblins
  17 hobgoblins
  6 jackals
  16 kobolds
  7 quokkas
  9 ball pythons
  6 bats
  3 frilled lizards
  5 rats
388 creatures vanquished.

Vanquished Creatures (collateral kills)
  An ettin (Vaults:1)
  3 vault guards
  A centaur warrior (D:13)
  A boulder beetle (D:14)
  A two-headed ogre (D:10)
  An ironbound convoker (Vaults:1)
  2 lindwurms (Vaults:1)
  An orc knight (Orc:1)
  5 ugly things
  A deep elf pyromancer (D:13)
  4 yaktaurs
  3 kobold demonologists (D:10)
  3 trolls
  2 slime creatures (D:13)
  4 wraiths
  2 yaks
  3 wargs (D:10)
  5 orc warriors
  2 boggarts (D:14)
  2 ogres (Orc:2)
  4 centaurs
  A gnoll sergeant (D:10)
  A wight (D:10)
  A killer bee (D:11)
  4 howler monkeys (D:10)
  5 orc priests
  7 orc wizards
  6 orcs
  2 goblins (D:10)
  3 training dummies (Orc:2)
81 creatures vanquished.

Vanquished Creatures (others)
  2 orc knights
  An orc sorcerer (Orc:2)
  A tarantella (shapeshifter) (D:10)
  7 orc warriors
  An ogre (Orc:2)
  3 orc priests
  8 orc wizards
  23 orcs
  A fungus (D:9)
  39 plants
  10 withered plants (D:1)
96 creatures vanquished.

Grand Total: 565 creatures vanquished

Notes
Turn   | Place    | Note
-------+----------+-------------------------------------------
     0 | D:1      | mratface the Hill Orc Fighter began the quest for the Orb.
     0 | D:1      | Reached XP level 1. HP: 19/19 MP: 1/1
   127 | D:1      | Reached XP level 2. HP: 18/27 MP: 2/2
   156 | D:1      | Reached skill level 3 in Axes
   158 | D:1      | Reached XP level 3. HP: 10/33 MP: 3/3
   615 | D:1      | Found a faded altar of an unknown god.
  1056 | D:2      | You fall into a shaft and drop 2 floors!
  1089 | D:3      | Reached XP level 4. HP: 39/40 MP: 4/4
  1719 | D:2      | Reached skill level 4 in Axes
  1879 | D:2      | Reached XP level 5. HP: 47/47 MP: 5/5
  1898 | D:2      | Identified the ring of Lady Luck {Contam rN+++ Int+7 Dex+6}
  2381 | D:4      | Reached skill level 1 in Dodging
  2518 | D:4      | Noticed Edmund
  2529 | D:4      | Killed Edmund
  2530 | D:4      | Reached skill level 5 in Fighting
  2530 | D:4      | Reached skill level 5 in Axes
  2530 | D:4      | Reached XP level 6. HP: 36/56 MP: 6/6
  2679 | D:4      | Found a snail-covered altar of Cheibriados.
  2684 | D:4      | Found a radiant altar of Vehumet.
  2686 | D:4      | Found a bloodstained altar of Trog.
  2687 | D:4      | Found a shimmering blue altar of Sif Muna.
  2692 | D:4      | Found a hide-covered altar of Uskayaw.
  2706 | D:4      | Noticed Eustachio
  2729 | D:4      | Killed Eustachio
  2730 | D:4      | Reached skill level 6 in Axes
  2730 | D:4      | Reached XP level 7. HP: 54/61 MP: 7/7
  2789 | D:4      | Became a worshipper of Beogh the Brigand
  3061 | D:5      | Entered Level 5 of the Dungeon
  3100 | D:5      | Reached skill level 5 in Armour
  3199 | D:5      | Reached skill level 7 in Axes
  3595 | D:5      | Reached XP level 8. HP: 68/70 MP: 8/8
  3645 | D:5      | Reached skill level 8 in Axes
  3812 | D:5      | Found a staircase to the Ecumenical Temple.
  3854 | D:5      | Reached * piety under Beogh
  3904 | D:5      | Noticed Dowan
  3905 | D:5      | Noticed Duvessa
  3924 | D:5      | Killed Duvessa
  3925 | D:5      | Reached skill level 5 in Shields
  3925 | D:5      | Killed Dowan
  4056 | D:5      | Noticed Sigmund
  4068 | D:5      | Killed Sigmund
  4069 | D:5      | Reached skill level 9 in Axes
  4336 | D:6      | Reached XP level 9. HP: 44/78 MP: 9/9
  4441 | D:6      | Identified 4 scrolls of acquirement
  4441 | D:6      | Acquired the +0 helmet of Vehumet {Str+6}
  4456 | D:6      | Acquired 792 gold pieces
  4457 | D:6      | Acquired the +7 executioner's axe of Seumag {venom, Str+3}
  4458 | D:6      | Acquired 533 gold pieces
  4500 | D:6      | Reached skill level 10 in Axes
  5057 | D:7      | Reached skill level 11 in Axes
  5188 | D:7      | Found a broken altar of Ashenzari.
  5191 | D:7      | Reached ** piety under Beogh
  5426 | D:8      | Reached skill level 12 in Axes
  5671 | D:8      | Identified the +2 pair of gloves of the Enchanted Forest
                  | {rC- Will++ Str+5}
  5771 | D:8      | Noticed a polar bear
  5771 | D:8      | Noticed a polar bear
  5784 | D:8      | Killed a polar bear
  5785 | D:8      | Killed a polar bear
  5786 | D:8      | Reached skill level 13 in Axes
  5786 | D:8      | Reached XP level 10. HP: 38/88 MP: 10/10
  6086 | D:8      | Found Keruam's Weapon Boutique.
  6167 | D:8      | Found Xibboiw's Antique Weapon Shop.
  6334 | D:8      | Found Jukk's Weapon Emporium.
  6549 | D:8      | Found a glowing golden altar of the Shining One.
  6631 | D:9      | Reached skill level 14 in Axes
  6711 | D:9      | Found a shimmering altar of Xom.
  6841 | D:9      | Found a runed translucent door.
  6844 | D:9      | Noticed JaredAshtonScott's ghost (journeyman HuFi)
  6845 | D:9      | Identified the +11 spear of the Pure Princes {pain, Drain
                  | rPois Will+ rCorr}
  7006 | D:9      | Reached *** piety under Beogh
  7096 | D:9      | Found a staircase to the Orcish Mines.
  7252 | D:9      | Noticed Joseph
  7261 | D:9      | Killed Joseph
  7373 | D:9      | Noticed a cyclops
  7378 | D:9      | Killed a cyclops
  7379 | D:9      | Reached skill level 15 in Axes
  7544 | D:9      | Killed JaredAshtonScott's ghost
  7545 | D:9      | Reached XP level 11. HP: 76/97 MP: 11/11
  7841 | Orc:1    | Entered Level 1 of the Orcish Mines
  7841 | Orc:1    | Noticed an orc high priest
  7848 | Orc:1    | Killed an orc high priest
  7849 | Orc:1    | Reached skill level 16 in Axes
  8027 | Orc:2    | Entered Level 2 of the Orcish Mines
  8044 | Orc:2    | Noticed an orc high priest
  8046 | Orc:2    | Noticed a soul eater
  8048 | Orc:2    | Found a shimmering altar of Xom.
  8052 | Orc:2    | Killed an orc high priest
  8061 | Orc:2    | Reached skill level 10 in Fighting
  8306 | Orc:2    | Found Wooptei's Firing Range.
  8315 | Orc:2    | Noticed an orc knight
  8609 | Orc:2    | Found Ikhloxt's Magic Scroll Emporium.
  8752 | Orc:2    | Found a staircase to the Elven Halls.
  8856 | Orc:2    | Reached **** piety under Beogh
  8856 | Orc:2    | Noticed an orc sorcerer
  8858 | Orc:2    | Noticed an orc sorcerer
  8858 | Orc:2    | Noticed an orc sorcerer
  8863 | Orc:2    | Killed an orc sorcerer
  8864 | Orc:2    | Found Orapsa's Distillery.
  8865 | Orc:2    | Killed an orc sorcerer
  8873 | Orc:2    | Killed an orc sorcerer
  9096 | Orc:2    | Bought 2 potions of mutation for 256 gold pieces
  9096 | Orc:2    | Bought a potion of heal wounds for 80 gold pieces
  9096 | Orc:2    | Bought a potion of mutation for 128 gold pieces
  9096 | Orc:2    | Gained mutation: Your flesh is heat resistant. (rF+)
                  | [potion of mutation]
  9096 | Orc:2    | Gained mutation: Your natural rate of healing is unusually
                  | fast. [potion of mutation]
  9110 | Orc:2    | Found an ancient bone altar of Kikubaaqudgha.
  9110 | Orc:2    | Noticed an orc sorcerer
  9110 | Orc:2    | Noticed an orc sorcerer
  9110 | Orc:2    | Noticed an orc sorcerer
  9111 | Orc:2    | Noticed Nergalle
  9111 | Orc:2    | Noticed an orc sorcerer
  9116 | Orc:2    | Killed an orc sorcerer
  9116 | Orc:2    | Killed an orc sorcerer
  9117 | Orc:2    | Reached skill level 17 in Axes
  9121 | Orc:2    | Killed Nergalle
  9123 | Orc:2    | Killed an orc sorcerer
  9184 | Orc:2    | Noticed Erolcha
  9194 | Orc:2    | Killed Erolcha
  9199 | Orc:2    | Found a radiant altar of Vehumet.
  9200 | Orc:2    | Noticed an ogre mage
  9215 | Orc:2    | Killed an ogre mage
  9223 | Orc:2    | Found Reyf's Antique Armour Boutique.
  9761 | Orc:2    | Found a roughly hewn altar of Beogh.
  9761 | Orc:2    | Found Nuisk's Jewellery Boutique.
  9761 | Orc:2    | Found Zoabanaet's Antique Armour Shop.
  9775 | Orc:2    | Bought a jewelled cloak for 351 gold pieces
  9775 | Orc:2    | Identified the +4 cloak of the Forest {+Blink rC+ rCorr}
                  | (You bought it in a shop on level 2 of the Orcish Mines)
 10483 | D:10     | Entered Level 10 of the Dungeon
 10499 | D:10     | Reached XP level 12. HP: 108/108 MP: 12/12
 10615 | D:10     | Reached skill level 18 in Axes
 10684 | D:10     | Reached skill level 1 in Evocations
 10775 | D:10     | Noticed a two-headed ogre
 10783 | D:10     | Killed a two-headed ogre
 10793 | D:10     | Noticed a two-headed ogre
 10797 | D:10     | Killed a two-headed ogre
 10817 | D:10     | Noticed a two-headed ogre
 10821 | D:10     | Killed a two-headed ogre
 10844 | D:10     | Noticed an ogre mage
 10848 | D:10     | Reached skill level 19 in Axes
 10856 | D:10     | Killed an ogre mage
 10857 | D:10     | Reached skill level 1 in Invocations
 10869 | D:10     | Reached ***** piety under Beogh
 11060 | D:10     | Found a shadowy altar of Dithmenos.
 11133 | D:10     | Identified the +3 buckler of the Grue {Will+ Int+2}
 11822 | D:11     | Identified the ring "Qexuocia" {Fire *Corrode rElec rN+
                  | Slay+2}
 11964 | D:11     | Found a staircase to the Lair.
 12120 | D:11     | Found a shimmering blue altar of Sif Muna.
 12149 | D:11     | Got Sif Muna's Book of the Wyrd
 12248 | D:11     | Noticed Sonja
 12254 | D:11     | Killed Sonja
 13224 | D:12     | Identified the +5 scimitar of Beogh's Envy {spect, Str+3}
 13230 | D:12     | Noticed a two-headed ogre
 13233 | D:12     | Reached XP level 13. HP: 117/118 MP: 13/13
 13352 | D:12     | Reached skill level 20 in Axes
 13376 | D:12     | Noticed Josephine
 13383 | D:12     | Killed Josephine
 13384 | D:12     | Reached skill level 10 in Armour
 13464 | D:12     | Reached skill level 5 in Dodging
 14587 | D:13     | Found a hide-covered altar of Uskayaw.
 14714 | D:13     | Reached skill level 21 in Axes
 23151 | D:14     | Noticed a vault guard
 23151 | D:14     | Noticed a vault guard
 23151 | D:14     | Noticed a vault guard
 23151 | D:14     | Noticed a vault guard
 23153 | D:14     | Found a gate to the Vaults.
 23153 | D:14     | Noticed a vault guard
 23153 | D:14     | Noticed a vault guard
 23153 | D:14     | Noticed a vault guard
 23154 | D:14     | Noticed a vault guard
 23158 | D:14     | Killed a vault guard
 23159 | D:14     | Killed a vault guard
 23165 | D:14     | Killed a vault guard
 23177 | D:14     | Killed a vault guard
 23180 | D:14     | Killed a vault guard
 23184 | D:14     | Killed a vault guard
 23185 | D:14     | Reached XP level 14. HP: 33/129 MP: 14/14
 23258 | Vaults:1 | Entered Level 1 of the Vaults
 23691 | Vaults:1 | Noticed a vault warden
 23701 | Vaults:1 | Killed a vault warden
 23877 | Vaults:1 | Reached skill level 22 in Axes
 23893 | Vaults:1 | Noticed a vault warden
 23893 | Vaults:1 | Noticed a vault warden
 23894 | Vaults:1 | Killed a vault warden
 23896 | Vaults:1 | Noticed an ironbound thunderhulk
 23907 | Vaults:1 | Killed a vault warden
 23908 | Vaults:1 | Killed an ironbound thunderhulk
 24011 | Vaults:1 | Noticed an ironbound thunderhulk
 24017 | Vaults:1 | Killed an ironbound thunderhulk
 24175 | Vaults:1 | Noticed an ironbound preserver
 24186 | Vaults:1 | Killed an ironbound preserver
 24875 | Vaults:2 | Demolished by a titanic slime creature

Illustrated notes

Levels and vault maps discovered:
D:1:      lightli_arrival_farm, layout_loops_ring,
          shapermc_ecumenical_altar_flowoftime, minmay_nonomino_d4
D:2:      layout_rooms, minmay_stone_trees_medium, nicolae_grassy_gnolls
D:3:      layout_basic, uniq_jessica
D:4:      layout_rooms, minitemple, uniq_edmund, uniq_eustachio
D:5:      layout_basic, minmay_temple_entry_antechambers,
          nicolae_fountain_basement, uniq_sigmund, uniq_duvessa
D:6:      layout_basic
D:7:      layout_cave_pools, mainiacjoe_overflow_paths,
          dreamdust_mushroom_princess
D:8:      layout_cave_pools, lemuel_tele_altar, serial_ice, serial_ice_n,
          serial_ice_h, serial_ice_j, serial_ice_m, serial_shops, shop,
          nicolae_shop_bloodbath_and_beyond, nicolae_shop_hallway_stairs
D:9:      layout_irregular_city, nicolae_overflow_crystal_walls, erik_orc_1,
          ebering_ghost_funeral_grove, uniq_joseph
D:10:     lemuel_castle_with_subvaults [lemuel_castle_interior_carwin_2],
          layout_irregular_city, nicolae_dithmenos_the_darkroom, enter_bailey_5,
          kennysheep_path_1, minmay_misc_feat_doors,
          hangedman_abyss_or_decor_lesser_grid
D:11:     nrook_guardian_serpent_snake_passage, layout_loops_ring,
          lair_entry_dummy, led_sif_book, uniq_sonja
D:12:     layout_loops_ring, kennysheep_cross_room, uniq_josephine
D:13:     layout_cave_pools, serial_bayou_pond_c, nicolae_uskayaw_dance_hall
D:14:     layout_basic, erik_vaults_2, st_stairs_1, drop_trap
Orc:1:    layout_diamond_mine
Orc:2:    kennysheep_orc_mage_school, layout_caves, serial_shops, shop,
          basic_altar, hellmonk_bongcloud_opening, nicolae_shop_firing_range
Vaults:1: ontoclasm_vaults_misaligned, v_misc_30,
          vaults_room_grunt_arrival_ludios, nicolae_vaults_trapezoid_2,
          vaults_room_guarded_vault, ontoclasm_vaults_ring_square,
          layout_vaults_omnigrid
Vaults:2: nicolae_vaults_hallways_thing, vaults_room_pools, kb_rosetta,
          vaults_standard_mumra_enter_the_diamond, nicolae_vaults_wrenched,
          nicolae_vaults_three_branches, hangedman_vaults_impose,
          ontoclasm_vaults_ring_square, nicolae_vaults_puzzle_piece,
          nicolae_vaults_ninety_degrees, ontoclasm_vaults_fault,
          vaults_mumra_hex, nicolae_vaults_trapezoid_lopsided_3,
          layout_vaults_big_cross, serial_shops, nicolae_shop_back_alley_shop,
          shop

Skill      XL: |  1  2  3  4  5  6  7  8  9 10 11 12 13 14 |
---------------+-------------------------------------------+-----
Fighting       | 4 5 6 7 9 10 12 13 14 | 14.2
Axes           | 3 4 5 6 7 9 13 15 17 19 21 22 | 22.7
Armour         | 4 5 6 8 9 11 12 | 12.1
Dodging        | 1 2 3 4 6 7 |  7.3
Shields        | 4 5 |  5.4
Evocations     | 1 |  1.1
Invocations    | 1 |  1.1
Stealth        | |  0.5

Action                     |  1- 3 |  4- 6 |  7- 9 | 10-12 | 13-15 || total
---------------------------+-------+-------+-------+-------+-------++-------
  Melee: War axe           |   168 |   165 |   176 |       |       ||   509
         Executioner's axe |       |       |    64 |   276 |   251 ||   591
 Invoke: Convert to Beogh  |       |       |     1 |       |       ||     1
         Smiting           |       |       |       |     1 |       ||     1
         Recall Orcish Fol |       |       |       |     2 |     1 ||     3
  Evoke: Wand              |       |       |     2 |     2 |     2 ||     6
    Use: Potion            |       |     1 |     2 |     2 |     3 ||     8
         Scroll            |       |       |     4 |    16 |     3 ||    23
   Stab: Distracted        |       |       |       |     4 |     5 ||     9
         Confused          |       |       |       |     1 |       ||     1
         Paralysed         |       |       |       |       |     1 ||     1
 Armour: Scale mail        |    87 |    53 |       |       |       ||   140
         Ring mail         |       |    10 |    98 |    24 |       ||   132
         Plate armour      |       |       |       |   123 |   113 ||   236
  Dodge: Dodged            |    72 |    93 |   181 |   244 |   145 ||   735
  Block: Buckler           |    39 |    45 |    37 |       |       ||   121
